New York Rangers vs Edmonton Oilers
(R1)
Created - Thursday, June 20, 2024 at 06:55
Goals
|
| New York Rangers |
0 |
2 |
2 |
4 |
| Edmonton Oilers |
0 |
2 |
0 |
2 |
|
Shots
|
| New York Rangers |
7 |
10 |
16 |
33 |
| Edmonton Oilers |
3 |
15 |
7 |
25 |
|
1st period
No Goal
Penalties :
Derek Grant (EDM) for Hooking (Minor) at 5:57, Pierre-Luc Dubois (NYR) for Interference (Minor) at 10:28, Tanner Jeannot (EDM) for Hooking (Minor) at 17:40
2nd period
1. New York Rangers , Nathan MacKinnon 8 (Artemi Panarin 9, Matthew Benning 4) at 8:08
2. Edmonton Oilers , Jacob Trouba 1 (Brett Pesce 3, David Perron 7) at 13:59 (PP)
3. New York Rangers , Mathew Barzal 5 (Nathan MacKinnon 8, Mikael Granlund 6) at 15:13 (PP)
4. Edmonton Oilers , Dawson Mercer 5 (Jacob Trouba 5) at 16:10
Penalties :
David Perron (EDM) for Holding (Minor) at 0:22, Brett Pesce (EDM) for High sticking (Minor) at 4:04, Brett Pesce (EDM) for Fighting (Major) at 8:11, Matthew Benning (NYR) for Fighting (Major) at 8:11, Jacob Trouba (EDM) for Holding (Minor) at 10:06, Pierre-Luc Dubois (NYR) for High sticking (Minor) at 13:54, Alex Iafallo (EDM) for Hooking (Minor) at 14:54
3rd period
5. New York Rangers , Gabriel Landeskog 3 (Artemi Panarin 10, Pierre-Luc Dubois 14) at 19:06 (PP)
6. New York Rangers , Adam Larsson 1 (Mikael Granlund 7, David Kampf 2) at 19:16
Penalties :
Gabriel Landeskog (NYR) for Holding (Minor) at 2:02, Jacob Trouba (EDM) for Hooking (Minor) at 17:41, Jeff Carter (EDM) for Goalie Interference (Minor) at 19:38
Goalie Stats
Igor Shesterkin (NYR), 23 saves from 25 shots - (0.920), W, 7-4-0, 60:00 minutes
Juuse Saros (EDM), 29 saves from 33 shots - (0.879), L, 4-3-0, 60:00 minutes
Players Stats for New York Rangers
Player Name G A P +/- PIM S H SB GA TA FO MP PP MP PK MP
------------------------------------------------------------------------------------
Adam Larsson 1 0 1 1 0 3 1 1 0 2 0/0 24:04 7:57 1:13
Artemi Panarin 0 2 2 1 0 1 1 0 1 0 0/1 20:47 5:53 0:00
Cam Fowler 0 0 0 -1 0 0 0 2 0 0 0/0 14:24 0:00 0:00
Cole Caufield 0 0 0 -1 0 0 0 0 0 0 0/2 18:18 5:47 0:31
Conor Garland 0 0 0 0 0 1 0 0 0 0 0/0 10:24 0:00 0:00
David Kampf 0 1 1 1 0 3 1 1 0 0 4/5 9:15 0:20 2:13
Dmitry Kulikov 0 0 0 0 0 2 2 0 0 2 0/0 18:17 0:00 2:50
Eric Robinson 0 0 0 0 0 0 0 0 0 0 0/0 8:07 0:00 1:40
Filip Chytil 0 0 0 0 0 0 1 0 1 0 0/0 15:52 4:03 0:00
Gabriel Landeskog 1 0 1 -1 2 2 1 0 0 0 0/0 16:48 6:13 0:00
Jake McCabe 0 0 0 1 0 0 1 1 1 0 0/0 13:36 0:00 0:00
Mark Giordano 0 0 0 0 0 0 1 1 0 1 0/0 19:19 4:03 1:13
Mathew Barzal 1 0 1 -1 0 8 2 0 1 0 3/7 18:33 5:47 0:55
Matthew Benning 0 1 1 1 5 0 1 1 0 0 0/0 15:28 0:00 2:50
Mikael Granlund 0 2 2 1 0 2 1 0 1 1 9/14 17:14 5:47 0:00
Nathan MacKinnon 1 1 2 1 0 5 2 1 1 0 0/1 24:02 7:57 0:00
Pierre-Luc Dubois 0 1 1 1 4 4 2 0 0 0 17/31 22:25 5:53 0:55
Tyler Motte 0 0 0 1 0 2 1 1 0 0 0/0 9:00 0:20 1:52
Players Stats for Edmonton Oilers
Player Name G A P +/- PIM S H SB GA TA FO MP PP MP PK MP
------------------------------------------------------------------------------------
Adrian Kempe 0 0 0 -1 0 1 2 0 1 0 1/3 21:58 2:05 5:40
Alex Iafallo 0 0 0 0 2 3 1 1 1 0 0/0 10:50 0:00 0:16
Blake Wheeler 0 0 0 0 0 5 2 3 0 0 4/9 10:35 0:00 0:00
Boone Jenner 0 0 0 -1 0 0 2 0 0 1 4/17 21:24 2:05 6:04
Brandon Carlo 0 0 0 0 0 1 2 0 1 1 0/0 25:44 1:58 6:34
Brett Pesce 0 1 1 -1 7 2 0 0 0 0 0/0 17:47 2:05 0:41
Brock Boeser 0 0 0 -1 0 3 1 2 1 0 4/12 21:11 2:05 5:57
David Perron 0 1 1 0 2 1 3 1 1 0 1/1 14:08 1:58 0:00
Dawson Mercer 1 0 1 0 0 2 2 0 0 1 3/4 7:19 0:00 0:23
Derek Grant 0 0 0 0 2 0 1 0 0 0 0/0 6:49 0:00 0:00
Evan Bouchard 0 0 0 0 0 0 1 3 0 0 0/0 13:49 0:00 0:39
Jacob Trouba 1 1 2 0 4 1 3 3 0 0 0/0 21:52 2:03 4:19
Jake DeBrusk 0 0 0 0 0 2 2 0 0 0 0/0 14:03 1:58 0:00
Jeff Carter 0 0 0 0 2 1 1 0 0 0 0/0 10:34 0:00 0:00
Mikael Backlund 0 0 0 0 0 3 2 0 0 1 11/15 20:55 1:58 5:40
Rasmus Ristolainen 0 0 0 -1 0 0 2 1 1 1 0/0 22:23 2:00 5:26
Scott Mayfield 0 0 0 0 0 0 2 0 0 1 0/0 19:36 0:00 6:21
Tanner Jeannot 0 0 0 0 2 0 1 0 0 0 0/0 6:54 0:00 0:00
3 Stars
1 - Nathan MacKinnon (NYR)
2 - Adam Larsson (NYR)
3 - Mikael Granlund (NYR)
Power Play
New York Rangers - 2 on 8 Attempt(s) - 25.00%
Edmonton Oilers - 1 on 3 Attempt(s) - 33.33%
Penalty Kill
New York Rangers - 2 on 3 Attempt(s) - 66.67%
- Score 0 goal in Penalty Kill
Edmonton Oilers - 6 on 8 Attempt(s) - 75.00%
- Score 0 goal in Penalty Kill
Team Stat
New York Rangers - Hits : 18 - Faceoff Wins : 33 - Blocked Shots : 9 - Penalty Minutes : 11
Edmonton Oilers - Hits : 30 - Faceoff Wins : 28 - Blocked Shots : 14 - Penalty Minutes : 21
Official
Referees : Chris Rooney and Chris Lee
Linesman : Jay Sharrers and Michel Cormier
Game Notes
Matthew Benning beats up Brett Pesce at 8:11 of 2nd period
16:10 of 2nd period - Edmonton Oilers goal is going for a video replay. After video review, Goal.
Finance
Level 1 -- Attendance: 6000 (100.00%) -- Ticket Income $540,000
Level 2 -- Attendance: 5000 (100.00%) -- Ticket Income $250,000
Level 3 -- Attendance: 3000 (100.00%) -- Ticket Income $90,000
Level 4 -- Attendance: 5000 (100.00%) -- Ticket Income $100,000
Luxury Box -- Attendance: 1000 (100.00%) -- Ticket Income $190,000
Game was played at the Rexall Place.
Total Attendance: 20000 (100.00%)
Total Ticket Income: $1,170,000
Other Income: $409,500
Total Income: $1,579,500
New York Rangers
5 vs 5 Forward
Center Left Wing Right Wing Time % Phy DF OF
1 Pierre-Luc Dubois Artemi Panarin Nathan MacKinnon 37 0 1 4
2 Mathew Barzal Cole Caufield Gabriel Landeskog 30 1 1 3
3 Mikael Granlund Filip Chytil Conor Garland 23 1 2 2
4 David Kampf Eric Robinson Tyler Motte 10 1 3 1
5 vs 5 Defense
Defense Defense Time % Phy DF OF
1 Cam Fowler Dmitry Kulikov 35 1 2 2
2 Adam Larsson Mark Giordano 33 1 2 2
3 Matthew Benning Jake McCabe 32 1 2 2
4 Cam Fowler Adam Larsson 0 1 2 2
PowerPlay Forward
Center Left Wing Right Wing Time % Phy DF OF
1 Pierre-Luc Dubois Gabriel Landeskog Artemi Panarin 50 0 1 4
2 Mikael Granlund Mathew Barzal Cole Caufield 50 0 1 4
PowerPlay Defense
Defense Defense Time % Phy DF OF
1 Nathan MacKinnon Adam Larsson 60 1 1 3
2 Filip Chytil Mark Giordano 40 1 1 3
Penalty Kill 4 Players Forward
Center Wing Time % Phy DF OF
1 Pierre-Luc Dubois Eric Robinson 50 1 3 1
2 David Kampf Tyler Motte 50 1 3 1
Penalty Kill 4 Players Defense
Defense Defense Time % Phy DF OF
1 Matthew Benning Dmitry Kulikov 50 1 3 1
2 Adam Larsson Mark Giordano 50 1 3 1
Penalty Kill - 3 Players Forward
Forward Time % Phy DF OF
1 Pierre-Luc Dubois 50 1 2 2
2 David Kampf 50 1 2 2
Penalty Kill - 3 Players Defense
Defense Defense Time % Phy DF OF
1 Matthew Benning Dmitry Kulikov 50 1 3 1
2 Adam Larsson Mark Giordano 50 1 3 1
4 vs 4 Forward
Center Wing Time % Phy DF OF
1 Nathan MacKinnon Artemi Panarin 50 0 2 3
2 Pierre-Luc Dubois Cole Caufield 50 0 2 3
4 vs 4 Defense
Defense Defense Time % Phy DF OF
1 Cam Fowler Adam Larsson 50 1 2 2
2 Dmitry Kulikov Mark Giordano 50 1 2 2
Last Minutes Offensive
Center Left Wing Right Wing Defense Defense
Nathan MacKinnon Cole Caufield Pierre-Luc Dubois Cam Fowler Adam Larsson
Last Minutes Defensive
Center Left Wing Right Wing Defense Defense
David Kampf Tyler Motte Mikael Granlund Dmitry Kulikov Adam Larsson
Goaltenders
Starting : Igor Shesterkin
Backup : Tristan Jarry
Extra Forwards
Normal : Nathan MacKinnon, Pierre-Luc Dubois, Gabriel Landeskog - PP : Gabriel Landeskog, Cole Caufield - PK : David Kampf
Extra Defensemen
Normal : Matthew Benning, Jake McCabe, Dmitry Kulikov - PP : Matthew Benning - PK : Jake McCabe, Dmitry Kulikov
Penalty Shots
Artemi Panarin, Cole Caufield, Pierre-Luc Dubois, Mark Giordano, David Kampf
Edmonton Oilers
5 vs 5 Forward
Center Left Wing Right Wing Time % Phy DF OF
1 Boone Jenner Adrian Kempe Brock Boeser 30 1 2 2
2 Mikael Backlund Jake DeBrusk David Perron 30 1 2 2
3 Blake Wheeler Alex Iafallo Jeff Carter 25 1 2 2
4 Dawson Mercer Derek Grant Tanner Jeannot 15 1 2 2
5 vs 5 Defense
Defense Defense Time % Phy DF OF
1 Jacob Trouba Brandon Carlo 35 1 2 2
2 Brett Pesce Rasmus Ristolainen 35 1 2 2
3 Scott Mayfield Evan Bouchard 30 1 2 2
4 Jacob Trouba Brandon Carlo 0 1 2 2
PowerPlay Forward
Center Left Wing Right Wing Time % Phy DF OF
1 Boone Jenner Adrian Kempe Brock Boeser 50 1 2 2
2 Mikael Backlund Jake DeBrusk David Perron 50 1 2 2
PowerPlay Defense
Defense Defense Time % Phy DF OF
1 Jacob Trouba Brandon Carlo 50 1 2 2
2 Brett Pesce Rasmus Ristolainen 50 1 2 2
Penalty Kill 4 Players Forward
Center Wing Time % Phy DF OF
1 Brock Boeser Boone Jenner 50 1 2 2
2 Adrian Kempe Mikael Backlund 50 1 2 2
Penalty Kill 4 Players Defense
Defense Defense Time % Phy DF OF
1 Jacob Trouba Brandon Carlo 50 1 2 2
2 Scott Mayfield Rasmus Ristolainen 50 1 2 2
Penalty Kill - 3 Players Forward
Forward Time % Phy DF OF
1 Brock Boeser 50 1 2 2
2 Boone Jenner 50 1 2 2
Penalty Kill - 3 Players Defense
Defense Defense Time % Phy DF OF
1 Jacob Trouba Brandon Carlo 50 1 2 2
2 Scott Mayfield Rasmus Ristolainen 50 1 2 2
4 vs 4 Forward
Center Wing Time % Phy DF OF
1 Brock Boeser Boone Jenner 50 1 2 2
2 Adrian Kempe Mikael Backlund 50 1 2 2
4 vs 4 Defense
Defense Defense Time % Phy DF OF
1 Jacob Trouba Brandon Carlo 50 1 2 2
2 Brett Pesce Rasmus Ristolainen 50 1 2 2
Last Minutes Offensive
Center Left Wing Right Wing Defense Defense
Boone Jenner Adrian Kempe Brock Boeser Jacob Trouba Brandon Carlo
Last Minutes Defensive
Center Left Wing Right Wing Defense Defense
Boone Jenner Adrian Kempe Brock Boeser Jacob Trouba Brandon Carlo
Goaltenders
Starting : Juuse Saros
Backup : Matt Murray
Extra Forwards
Normal : Boone Jenner, Jeff Carter, Brock Boeser - PP : Boone Jenner, Jeff Carter - PK : Brock Boeser
Extra Defensemen
Normal : Brett Pesce, Scott Mayfield, Brandon Carlo - PP : Brett Pesce - PK : Scott Mayfield, Jacob Trouba
Penalty Shots
Brock Boeser, Boone Jenner, Adrian Kempe, Mikael Backlund, Jake DeBrusk
% Time on Ice - New York Rangers
Lines # - Real PCT - Wanted PCT - Time Play
Normal Forward
1 - 34% - 37% - 15:03
2 - 27% - 30% - 11:53
3 - 24% - 23% - 10:24
4 - 15% - 10% - 6:27
Normal Defense
1 - 36% - 35% - 15:56
2 - 32% - 33% - 14:03
3 - 31% - 32% - 13:36
4 - 0% - 0% - 0:12
PP Forward
1 - 52% - 50% - 6:13
2 - 48% - 50% - 5:47
PP Defense
1 - 66% - 60% - 7:57
2 - 34% - 40% - 4:03
PK Forward
1 - 49% - 50% - 1:59
2 - 51% - 50% - 2:04
PK Defense
1 - 70% - 50% - 2:50
2 - 30% - 50% - 1:13
PK3 Forward
1 - 0% - 50%
2 - 0% - 50%
PK3 Defense
1 - 0% - 50%
2 - 0% - 50%
44 Forward
1 - 0% - 50%
2 - 0% - 50%
44 Defense
1 - 0% - 50%
2 - 0% - 50%
Last Minute Offensive - 0:00
Last Minute Defensive - 0:10
Total
Forward - 60:00
Defense - 60:00
|
% Time on Ice - Edmonton Oilers
Lines # - Real PCT - Wanted PCT - Time Play
Normal Forward
1 - 30% - 30% - 13:05
2 - 30% - 30% - 13:17
3 - 24% - 25% - 10:35
4 - 16% - 15% - 6:50
Normal Defense
1 - 34% - 35% - 15:04
2 - 36% - 35% - 15:41
3 - 30% - 30% - 13:02
4 - 0% - 0% - 0:00
PP Forward
1 - 51% - 50% - 2:05
2 - 49% - 50% - 1:58
PP Defense
1 - 49% - 50% - 1:58
2 - 51% - 50% - 2:05
PK Forward
1 - 51% - 50% - 6:07
2 - 49% - 50% - 5:53
PK Defense
1 - 55% - 50% - 6:34
2 - 45% - 50% - 5:26
PK3 Forward
1 - 0% - 50%
2 - 0% - 50%
PK3 Defense
1 - 0% - 50%
2 - 0% - 50%
44 Forward
1 - 0% - 50%
2 - 0% - 50%
44 Defense
1 - 0% - 50%
2 - 0% - 50%
Last Minute Offensive - 0:10
Last Minute Defensive - 0:00
Total
Forward - 60:00
Defense - 60:00
|
Play-by-Play
1st period
0:01 of 1st period - Pierre-Luc Dubois wins face-off versus Boone Jenner in neutral zone.
0:12 of 1st period - Snap shot by Nathan MacKinnon.
0:12 of 1st period - Shot Misses the Net.
0:14 of 1st period - Slapshot by Cam Fowler.
0:14 of 1st period - Deflect By Nathan MacKinnon.
0:14 of 1st period - Shot Blocked by Jacob Trouba.
0:14 of 1st period - Puck is out of play.
0:15 of 1st period - Mikael Backlund wins face-off versus Mathew Barzal in Edmonton Oilers zone.
0:19 of 1st period - Icing by Jake DeBrusk.
0:20 of 1st period - Mikael Backlund wins face-off versus Mathew Barzal in Edmonton Oilers zone.
0:20 of 1st period - Mikael Backlund is hit by Mathew Barzal.
0:33 of 1st period - Mark Giordano is hit by David Perron.
1:35 of 1st period - Snap shot by Jake DeBrusk.
1:35 of 1st period - Shot Misses the Net.
2:05 of 1st period - Wrist shot by Boone Jenner.
2:05 of 1st period - Shot Misses the Net.
2:27 of 1st period - Mikael Granlund is hit by Dawson Mercer and loses puck.
2:53 of 1st period - Matthew Benning is hit by Jacob Trouba and loses puck.
3:04 of 1st period - Scott Mayfield is hit by Nathan MacKinnon and loses puck.
3:09 of 1st period - Wrist shot by Nathan MacKinnon.
3:09 of 1st period - Stopped by Juuse Saros with a rebound.
3:11 of 1st period - Slapshot by Matthew Benning.
3:11 of 1st period - Shot Blocked by Evan Bouchard.
3:13 of 1st period - Snap shot by Artemi Panarin.
3:13 of 1st period - Shot Misses the Net.
3:15 of 1st period - Backhand shot by Matthew Benning.
3:15 of 1st period - Deflect By Nathan MacKinnon.
3:15 of 1st period - Stopped by Juuse Saros with a rebound.
3:29 of 1st period - Cam Fowler is hit by Evan Bouchard and loses puck.
3:50 of 1st period - Wrist shot by Blake Wheeler.
3:50 of 1st period - Stopped by Igor Shesterkin with a rebound.
3:59 of 1st period - Icing by Pierre-Luc Dubois.
4:00 of 1st period - Dawson Mercer wins face-off versus Pierre-Luc Dubois in New York Rangers zone.
4:01 of 1st period - Slapshot by Tanner Jeannot.
4:01 of 1st period - Shot Misses the Net.
4:41 of 1st period - Wrist shot by Adrian Kempe.
4:41 of 1st period - Shot Blocked by Matthew Benning.
4:43 of 1st period - Snap shot by Brandon Carlo.
4:43 of 1st period - Deflect By Boone Jenner.
4:43 of 1st period - Shot Blocked by Jake McCabe.
4:43 of 1st period - Puck is out of play.
4:44 of 1st period - Pierre-Luc Dubois wins face-off versus Blake Wheeler in New York Rangers zone.
5:11 of 1st period - Mikael Granlund is hit by Rasmus Ristolainen and loses puck.
5:16 of 1st period - Snap shot by Adrian Kempe.
5:16 of 1st period - Shot Misses the Net.
5:18 of 1st period - Slapshot by Scott Mayfield.
5:18 of 1st period - Shot Hit the Post.
5:20 of 1st period - Snap shot by Boone Jenner.
5:20 of 1st period - Shot Hit the Post.
5:22 of 1st period - Snap shot by Adrian Kempe.
5:22 of 1st period - Shot Misses the Net.
5:40 of 1st period - Snap shot by Cole Caufield.
5:40 of 1st period - Shot Misses the Net.
5:57 of 1st period - Minor Penalty to Derek Grant for Hooking.
5:58 of 1st period - Brock Boeser wins face-off versus Pierre-Luc Dubois in Edmonton Oilers zone.
6:10 of 1st period - Slapshot by Nathan MacKinnon.
6:10 of 1st period - Shot Misses the Net.
6:12 of 1st period - Snap shot by Pierre-Luc Dubois.
6:12 of 1st period - Shot Misses the Net.
6:47 of 1st period - Snap shot by Brock Boeser.
6:47 of 1st period - Shot Misses the Net.
7:57 of 1st period - Penalty to Derek Grant is over, Derek Grant is back on ice.
8:05 of 1st period - Backhand shot by Alex Iafallo.
8:05 of 1st period - Shot Misses the Net.
8:25 of 1st period - Snap shot by Tyler Motte.
8:25 of 1st period - Shot Misses the Net.
8:51 of 1st period - Wrist shot by Blake Wheeler.
8:51 of 1st period - Stopped by Igor Shesterkin without a rebound.
8:52 of 1st period - Pierre-Luc Dubois wins face-off versus Blake Wheeler in New York Rangers zone.
9:20 of 1st period - Slapshot by Cole Caufield.
9:20 of 1st period - Deflect By Mathew Barzal.
9:20 of 1st period - Shot Misses the Net.
9:20 of 1st period - Puck is out of play.
9:21 of 1st period - Mathew Barzal wins face-off versus Boone Jenner in Edmonton Oilers zone.
9:59 of 1st period - Off-side.
10:00 of 1st period - Mikael Backlund wins face-off versus Pierre-Luc Dubois in neutral zone.
10:15 of 1st period - Jacob Trouba is hit by Artemi Panarin and loses puck.
10:28 of 1st period - Minor Penalty to Pierre-Luc Dubois for Interference.
10:29 of 1st period - David Kampf wins face-off versus Boone Jenner in New York Rangers zone.
10:36 of 1st period - Matthew Benning is hit by Boone Jenner and loses puck.
11:17 of 1st period - Slapshot by Brock Boeser.
11:17 of 1st period - Shot Misses the Net.
12:28 of 1st period - Penalty to Pierre-Luc Dubois is over, Pierre-Luc Dubois is back on ice.
12:37 of 1st period - Snap shot by Nathan MacKinnon.
12:37 of 1st period - Stopped by Juuse Saros with a rebound.
12:39 of 1st period - Wrist shot by Cam Fowler.
12:39 of 1st period - Shot Misses the Net.
12:41 of 1st period - Snap shot by Pierre-Luc Dubois.
12:41 of 1st period - Stopped by Juuse Saros without a rebound.
12:42 of 1st period - Blake Wheeler wins face-off versus Pierre-Luc Dubois in Edmonton Oilers zone.
12:51 of 1st period - Adam Larsson is hit by Blake Wheeler and loses puck.
13:39 of 1st period - Snap shot by Gabriel Landeskog.
13:39 of 1st period - Stopped by Juuse Saros with a rebound.
13:41 of 1st period - Slapshot by Dmitry Kulikov.
13:41 of 1st period - Stopped by Juuse Saros without a rebound.
13:42 of 1st period - Mikael Backlund wins face-off versus Pierre-Luc Dubois in Edmonton Oilers zone.
13:42 of 1st period - Mikael Backlund is hit by Pierre-Luc Dubois.
14:39 of 1st period - Snap shot by David Kampf.
14:39 of 1st period - Stopped by Juuse Saros without a rebound.
14:40 of 1st period - Mikael Backlund wins face-off versus Pierre-Luc Dubois in Edmonton Oilers zone.
14:51 of 1st period - Wrist shot by David Perron.
14:51 of 1st period - Stopped by Igor Shesterkin with a rebound.
14:59 of 1st period - Jake DeBrusk is hit by Matthew Benning and loses puck.
15:24 of 1st period - Snap shot by Dawson Mercer.
15:24 of 1st period - Deflect By Derek Grant.
15:24 of 1st period - Shot Misses the Net.
15:24 of 1st period - Puck is out of play.
15:25 of 1st period - Mathew Barzal wins face-off versus Boone Jenner in New York Rangers zone.
16:01 of 1st period - Wrist shot by Brock Boeser.
16:01 of 1st period - Shot Misses the Net.
16:03 of 1st period - Slapshot by Evan Bouchard.
16:03 of 1st period - Shot Hit the Post.
16:23 of 1st period - Off-side.
16:24 of 1st period - Pierre-Luc Dubois wins face-off versus Mikael Backlund in neutral zone.
16:46 of 1st period - Icing by Matthew Benning.
16:47 of 1st period - Blake Wheeler wins face-off versus Pierre-Luc Dubois in New York Rangers zone.
17:32 of 1st period - Nathan MacKinnon is hit by Derek Grant and loses puck.
17:40 of 1st period - Minor Penalty to Tanner Jeannot for Hooking.
17:41 of 1st period - Brock Boeser wins face-off versus Cole Caufield in Edmonton Oilers zone.
17:56 of 1st period - Scott Mayfield is hit by Mathew Barzal and loses puck.
18:43 of 1st period - Adam Larsson is hit by Rasmus Ristolainen and loses puck.
18:58 of 1st period - Scott Mayfield is hit by Gabriel Landeskog.
19:40 of 1st period - Penalty to Tanner Jeannot is over, Tanner Jeannot is back on ice.
19:50 of 1st period - Jeff Carter is hit by David Kampf and loses puck.
19:57 of 1st period - Eric Robinson is hit by Alex Iafallo and loses puck.
Goals for this period are 0 for New York Rangers vs 0 for Edmonton Oilers.
Shots for this period are 7 for New York Rangers vs 3 for Edmonton Oilers.
2nd period
0:01 of 2nd period - Mikael Backlund wins face-off versus Pierre-Luc Dubois in neutral zone.
0:04 of 2nd period - Wrist shot by Jake DeBrusk.
0:04 of 2nd period - Stopped by Igor Shesterkin with a rebound.
0:22 of 2nd period - Minor Penalty to David Perron for Holding.
0:23 of 2nd period - Pierre-Luc Dubois wins face-off versus Brock Boeser in Edmonton Oilers zone.
0:54 of 2nd period - Snap shot by Mathew Barzal.
0:54 of 2nd period - Stopped by Juuse Saros with a rebound.
1:10 of 2nd period - Snap shot by Mikael Backlund.
1:10 of 2nd period - Shot Misses the Net.
2:08 of 2nd period - Gabriel Landeskog is hit by Dawson Mercer.
2:22 of 2nd period - Penalty to David Perron is over, David Perron is back on ice.
2:43 of 2nd period - Eric Robinson is hit by Jeff Carter and loses puck.
2:54 of 2nd period - Dmitry Kulikov is hit by Tanner Jeannot and loses puck.
3:28 of 2nd period - Cole Caufield is hit by Scott Mayfield.
3:38 of 2nd period - Mikael Granlund is hit by Adrian Kempe and loses puck.
4:04 of 2nd period - Minor Penalty to Brett Pesce for High sticking.
4:05 of 2nd period - Pierre-Luc Dubois wins face-off versus Adrian Kempe in Edmonton Oilers zone.
4:09 of 2nd period - Snap shot by Gabriel Landeskog.
4:09 of 2nd period - Shot Misses the Net.
4:11 of 2nd period - Backhand shot by Adam Larsson.
4:11 of 2nd period - Stopped by Juuse Saros with a rebound.
4:13 of 2nd period - Snap shot by Pierre-Luc Dubois.
4:13 of 2nd period - Stopped by Juuse Saros with a rebound.
4:15 of 2nd period - Snap shot by Nathan MacKinnon.
4:15 of 2nd period - Shot Misses the Net.
4:17 of 2nd period - Wrist shot by Pierre-Luc Dubois.
4:17 of 2nd period - Shot Misses the Net.
4:19 of 2nd period - Wrist shot by Artemi Panarin.
4:19 of 2nd period - Deflect By Pierre-Luc Dubois.
4:19 of 2nd period - Stopped by Juuse Saros without a rebound.
4:20 of 2nd period - Mikael Granlund wins face-off versus Brock Boeser in Edmonton Oilers zone.
4:29 of 2nd period - Snap shot by Nathan MacKinnon.
4:29 of 2nd period - Shot Misses the Net.
4:31 of 2nd period - Wrist shot by Mathew Barzal.
4:31 of 2nd period - Shot Blocked by Brock Boeser.
5:21 of 2nd period - Adrian Kempe is hit by Adam Larsson and loses puck.
5:32 of 2nd period - Snap shot by Pierre-Luc Dubois.
5:32 of 2nd period - Stopped by Juuse Saros without a rebound.
5:33 of 2nd period - Brock Boeser wins face-off versus Cole Caufield in Edmonton Oilers zone.
5:37 of 2nd period - Off-side.
5:38 of 2nd period - Mikael Granlund wins face-off versus Brock Boeser in neutral zone.
6:04 of 2nd period - Penalty to Brett Pesce is over, Brett Pesce is back on ice.
6:50 of 2nd period - Snap shot by Mikael Granlund.
6:50 of 2nd period - Shot Misses the Net.
7:08 of 2nd period - Snap shot by Mikael Backlund.
7:08 of 2nd period - Stopped by Igor Shesterkin with a rebound.
7:10 of 2nd period - Snap shot by Mikael Backlund.
7:10 of 2nd period - Stopped by Igor Shesterkin without a rebound.
7:11 of 2nd period - Blake Wheeler wins face-off versus Nathan MacKinnon in New York Rangers zone.
7:12 of 2nd period - Wrist shot by Alex Iafallo.
7:12 of 2nd period - Deflect By Blake Wheeler.
7:12 of 2nd period - Shot Blocked by Cam Fowler.
7:12 of 2nd period - Puck is out of play.
7:13 of 2nd period - Pierre-Luc Dubois wins face-off versus Blake Wheeler in New York Rangers zone.
7:40 of 2nd period - Snap shot by David Kampf.
7:40 of 2nd period - Shot Blocked by Blake Wheeler.
7:50 of 2nd period - Snap shot by Tyler Motte.
7:50 of 2nd period - Stopped by Juuse Saros without a rebound.
7:51 of 2nd period - Dawson Mercer wins face-off versus Pierre-Luc Dubois in Edmonton Oilers zone.
7:51 of 2nd period - Dawson Mercer is hit by Pierre-Luc Dubois.
8:08 of 2nd period - Wrist shot by Nathan MacKinnon.
8:08 of 2nd period - Goal by Nathan MacKinnon - New York Rangers : 1 - Edmonton Oilers : 0.
8:09 of 2nd period - Pierre-Luc Dubois wins face-off versus Boone Jenner in neutral zone.
8:11 of 2nd period - Matthew Benning beats up Brett Pesce.
8:11 of 2nd period - Penalty to Brett Pesce for Fighting.
8:11 of 2nd period - Penalty to Matthew Benning for Fighting.
8:12 of 2nd period - Pierre-Luc Dubois wins face-off versus Boone Jenner in neutral zone.
8:43 of 2nd period - Wrist shot by Filip Chytil.
8:43 of 2nd period - Shot Hit the Post.
8:45 of 2nd period - Snap shot by Adam Larsson.
8:45 of 2nd period - Deflect By David Perron.
8:45 of 2nd period - Stopped by Juuse Saros without a rebound.
8:46 of 2nd period - Mikael Backlund wins face-off versus Mikael Granlund in Edmonton Oilers zone.
8:53 of 2nd period - Snap shot by David Perron.
8:53 of 2nd period - Deflect By Jake DeBrusk.
8:53 of 2nd period - Stopped by Igor Shesterkin with a rebound.
9:45 of 2nd period - Wrist shot by Artemi Panarin.
9:45 of 2nd period - Shot Misses the Net.
10:06 of 2nd period - Minor Penalty to Jacob Trouba for Holding.
10:07 of 2nd period - Boone Jenner wins face-off versus Mikael Granlund in Edmonton Oilers zone.
10:29 of 2nd period - Scott Mayfield is hit by Nathan MacKinnon and loses puck.
10:58 of 2nd period - Wrist shot by Pierre-Luc Dubois.
10:58 of 2nd period - Shot Misses the Net.
11:00 of 2nd period - Snap shot by Gabriel Landeskog.
11:00 of 2nd period - Shot Misses the Net.
11:02 of 2nd period - Snap shot by Pierre-Luc Dubois.
11:02 of 2nd period - Shot Misses the Net.
11:10 of 2nd period - Slapshot by Artemi Panarin.
11:10 of 2nd period - Deflect By Evan Bouchard.
11:10 of 2nd period - Shot Misses the Net.
11:10 of 2nd period - Puck is out of play.
11:11 of 2nd period - Brock Boeser wins face-off versus Artemi Panarin in Edmonton Oilers zone.
11:22 of 2nd period - Wrist shot by Artemi Panarin.
11:22 of 2nd period - Shot Misses the Net.
11:24 of 2nd period - Slapshot by Gabriel Landeskog.
11:24 of 2nd period - Shot Misses the Net.
11:38 of 2nd period - Mark Giordano is hit by Brandon Carlo and loses puck.
12:06 of 2nd period - Penalty to Jacob Trouba is over, Jacob Trouba is back on ice.
12:43 of 2nd period - Jake McCabe is hit by Jake DeBrusk and loses puck.
13:48 of 2nd period - Snap shot by Jake DeBrusk.
13:48 of 2nd period - Shot Blocked by Adam Larsson.
13:50 of 2nd period - Wrist shot by Mikael Backlund.
13:50 of 2nd period - Stopped by Igor Shesterkin without a rebound.
13:51 of 2nd period - Pierre-Luc Dubois wins face-off versus Mikael Backlund in New York Rangers zone.
13:51 of 2nd period - Pierre-Luc Dubois is hit by Mikael Backlund.
13:54 of 2nd period - Minor Penalty to Pierre-Luc Dubois for High sticking.
13:55 of 2nd period - Mikael Backlund wins face-off versus David Kampf in New York Rangers zone.
13:55 of 2nd period - Wrist shot by David Perron.
13:55 of 2nd period - Shot Misses the Net.
13:57 of 2nd period - Slapshot by Brett Pesce.
13:57 of 2nd period - Stopped by Igor Shesterkin with a rebound.
13:59 of 2nd period - Slapshot by Jacob Trouba.
13:59 of 2nd period - Goal by Jacob Trouba - New York Rangers : 1 - Edmonton Oilers : 1.
14:00 of 2nd period - Boone Jenner wins face-off versus Pierre-Luc Dubois in neutral zone.
14:54 of 2nd period - Minor Penalty to Alex Iafallo for Hooking.
14:55 of 2nd period - Mikael Granlund wins face-off versus Brock Boeser in Edmonton Oilers zone.
14:55 of 2nd period - Wrist shot by Mathew Barzal.
14:55 of 2nd period - Stopped by Juuse Saros with a rebound.
15:01 of 2nd period - Snap shot by Brock Boeser.
15:01 of 2nd period - Shot Misses the Net.
15:03 of 2nd period - Slapshot by Brandon Carlo.
15:03 of 2nd period - Shot Blocked by Nathan MacKinnon.
15:05 of 2nd period - Snap shot by Brock Boeser.
15:05 of 2nd period - Stopped by Igor Shesterkin without a rebound.
15:06 of 2nd period - Mikael Granlund wins face-off versus Brock Boeser in New York Rangers zone.
15:13 of 2nd period - Slapshot by Mathew Barzal.
15:13 of 2nd period - Goal by Mathew Barzal - New York Rangers : 2 - Edmonton Oilers : 1.
15:14 of 2nd period - Pierre-Luc Dubois wins face-off versus Boone Jenner in neutral zone.
15:31 of 2nd period - Snap shot by Brock Boeser.
15:31 of 2nd period - Shot Blocked by Cam Fowler.
15:43 of 2nd period - Rasmus Ristolainen is hit by Dmitry Kulikov and loses puck.
16:08 of 2nd period - Snap shot by Dawson Mercer.
16:08 of 2nd period - Stopped by Igor Shesterkin with a rebound.
16:10 of 2nd period - Wrist shot by Dawson Mercer.
16:10 of 2nd period - Edmonton Oilers goal is going for a video replay.
16:10 of 2nd period - The goal is good.
16:10 of 2nd period - Goal by Dawson Mercer - New York Rangers : 2 - Edmonton Oilers : 2.
16:11 of 2nd period - Pierre-Luc Dubois wins face-off versus Boone Jenner in neutral zone.
16:43 of 2nd period - Jake McCabe is hit by Boone Jenner and loses puck.
17:26 of 2nd period - Backhand shot by Blake Wheeler.
17:26 of 2nd period - Deflect By Alex Iafallo.
17:26 of 2nd period - Stopped by Igor Shesterkin without a rebound.
17:27 of 2nd period - David Kampf wins face-off versus Blake Wheeler in New York Rangers zone.
17:27 of 2nd period - Cam Fowler is hit by Blake Wheeler and loses puck.
17:32 of 2nd period - Backhand shot by Alex Iafallo.
17:32 of 2nd period - Stopped by Igor Shesterkin with a rebound.
17:34 of 2nd period - Slapshot by Brett Pesce.
17:34 of 2nd period - Shot Blocked by David Kampf.
17:40 of 2nd period - Snap shot by Blake Wheeler.
17:40 of 2nd period - Stopped by Igor Shesterkin with a rebound.
17:42 of 2nd period - Slapshot by Brett Pesce.
17:42 of 2nd period - Stopped by Igor Shesterkin with a rebound.
17:52 of 2nd period - David Perron is hit by Dmitry Kulikov and loses puck.
19:04 of 2nd period - Snap shot by Boone Jenner.
19:04 of 2nd period - Shot Blocked by Tyler Motte.
19:08 of 2nd period - Snap shot by Blake Wheeler.
19:08 of 2nd period - Stopped by Igor Shesterkin without a rebound.
19:09 of 2nd period - Pierre-Luc Dubois wins face-off versus Mikael Backlund in New York Rangers zone.
Goals for this period are 2 for New York Rangers vs 2 for Edmonton Oilers.
Shots for this period are 10 for New York Rangers vs 15 for Edmonton Oilers.
3rd period
0:01 of 3rd period - Pierre-Luc Dubois wins face-off versus Brock Boeser in neutral zone.
0:56 of 3rd period - Slapshot by Alex Iafallo.
0:56 of 3rd period - Shot Misses the Net.
1:06 of 3rd period - Wrist shot by Derek Grant.
1:06 of 3rd period - Shot Misses the Net.
1:12 of 3rd period - Slapshot by Adam Larsson.
1:12 of 3rd period - Shot Misses the Net.
1:14 of 3rd period - Wrist shot by Tyler Motte.
1:14 of 3rd period - Stopped by Juuse Saros with a rebound.
1:36 of 3rd period - Snap shot by Nathan MacKinnon.
1:36 of 3rd period - Shot Misses the Net.
1:44 of 3rd period - Snap shot by Artemi Panarin.
1:44 of 3rd period - Deflect By Nathan MacKinnon.
1:44 of 3rd period - Shot Misses the Net.
1:44 of 3rd period - Puck is out of play.
1:45 of 3rd period - Mikael Backlund wins face-off versus Mathew Barzal in Edmonton Oilers zone.
1:52 of 3rd period - Matthew Benning is hit by David Perron and loses puck.
2:02 of 3rd period - Minor Penalty to Gabriel Landeskog for Holding.
2:03 of 3rd period - David Kampf wins face-off versus Boone Jenner in New York Rangers zone.
2:50 of 3rd period - Adrian Kempe is hit by Tyler Motte and loses puck.
3:49 of 3rd period - David Kampf is hit by Brock Boeser and loses puck.
4:02 of 3rd period - Penalty to Gabriel Landeskog is over, Gabriel Landeskog is back on ice.
4:20 of 3rd period - Backhand shot by Alex Iafallo.
4:20 of 3rd period - Stopped by Igor Shesterkin with a rebound.
4:22 of 3rd period - Snap shot by Blake Wheeler.
4:22 of 3rd period - Deflect By Jeff Carter.
4:22 of 3rd period - Stopped by Igor Shesterkin with a rebound.
4:24 of 3rd period - Wrist shot by Blake Wheeler.
4:24 of 3rd period - Stopped by Igor Shesterkin without a rebound.
4:25 of 3rd period - Mikael Granlund wins face-off versus Dawson Mercer in New York Rangers zone.
4:32 of 3rd period - Wrist shot by Conor Garland.
4:32 of 3rd period - Stopped by Juuse Saros without a rebound.
4:33 of 3rd period - Dawson Mercer wins face-off versus Mikael Granlund in Edmonton Oilers zone.
4:33 of 3rd period - Dawson Mercer is hit by Mark Giordano.
4:47 of 3rd period - Wrist shot by Mikael Granlund.
4:47 of 3rd period - Stopped by Juuse Saros without a rebound.
4:48 of 3rd period - Boone Jenner wins face-off versus Pierre-Luc Dubois in Edmonton Oilers zone.
5:01 of 3rd period - Snap shot by Adrian Kempe.
5:01 of 3rd period - Deflect By Nathan MacKinnon.
5:01 of 3rd period - Stopped by Igor Shesterkin without a rebound.
5:02 of 3rd period - Mikael Backlund wins face-off versus Pierre-Luc Dubois in New York Rangers zone.
5:13 of 3rd period - Adam Larsson is hit by Jacob Trouba.
5:16 of 3rd period - Off-side.
5:17 of 3rd period - Boone Jenner wins face-off versus Mathew Barzal in neutral zone.
5:20 of 3rd period - Cole Caufield is hit by Adrian Kempe.
5:43 of 3rd period - Matthew Benning is hit by Brandon Carlo and loses puck.
6:53 of 3rd period - Matthew Benning is hit by Jacob Trouba and loses puck.
7:42 of 3rd period - Mikael Granlund is hit by Jake DeBrusk and loses puck.
7:55 of 3rd period - Snap shot by Mathew Barzal.
7:55 of 3rd period - Stopped by Juuse Saros with a rebound.
7:57 of 3rd period - Snap shot by Gabriel Landeskog.
7:57 of 3rd period - Shot Misses the Net.
7:59 of 3rd period - Slapshot by Mathew Barzal.
7:59 of 3rd period - Shot Misses the Net.
8:01 of 3rd period - Slapshot by Mathew Barzal.
8:01 of 3rd period - Stopped by Juuse Saros with a rebound.
8:03 of 3rd period - Wrist shot by Dmitry Kulikov.
8:03 of 3rd period - Stopped by Juuse Saros without a rebound.
8:04 of 3rd period - Pierre-Luc Dubois wins face-off versus Boone Jenner in Edmonton Oilers zone.
8:31 of 3rd period - Adrian Kempe is hit by Mikael Granlund.
8:35 of 3rd period - Brett Pesce is hit by Filip Chytil and loses puck.
8:42 of 3rd period - Snap shot by Adrian Kempe.
8:42 of 3rd period - Shot Blocked by Mark Giordano.
8:44 of 3rd period - Snap shot by Brock Boeser.
8:44 of 3rd period - Stopped by Igor Shesterkin without a rebound.
8:45 of 3rd period - David Perron wins face-off versus Pierre-Luc Dubois in New York Rangers zone.
9:35 of 3rd period - Filip Chytil is hit by Scott Mayfield and loses puck.
9:50 of 3rd period - Conor Garland is hit by Mikael Backlund and loses puck.
10:05 of 3rd period - Snap shot by Mikael Granlund.
10:05 of 3rd period - Shot Blocked by Evan Bouchard.
10:12 of 3rd period - Off-side.
10:13 of 3rd period - Pierre-Luc Dubois wins face-off versus Boone Jenner in neutral zone.
10:24 of 3rd period - Snap shot by Adrian Kempe.
10:24 of 3rd period - Deflect By Brock Boeser.
10:24 of 3rd period - Stopped by Igor Shesterkin without a rebound.
10:25 of 3rd period - Pierre-Luc Dubois wins face-off versus Boone Jenner in New York Rangers zone.
10:32 of 3rd period - Wrist shot by Nathan MacKinnon.
10:32 of 3rd period - Deflect By Boone Jenner.
10:32 of 3rd period - Stopped by Juuse Saros with a rebound.
10:42 of 3rd period - Snap shot by Pierre-Luc Dubois.
10:42 of 3rd period - Shot Misses the Net.
10:52 of 3rd period - Jacob Trouba is hit by Jake McCabe and loses puck.
10:57 of 3rd period - Snap shot by Tyler Motte.
10:57 of 3rd period - Shot Misses the Net.
10:59 of 3rd period - Wrist shot by Tyler Motte.
10:59 of 3rd period - Shot Blocked by Jacob Trouba.
11:01 of 3rd period - Snap shot by David Kampf.
11:01 of 3rd period - Shot Misses the Net.
11:03 of 3rd period - Wrist shot by David Kampf.
11:03 of 3rd period - Stopped by Juuse Saros with a rebound.
11:05 of 3rd period - Wrist shot by Mark Giordano.
11:05 of 3rd period - Shot Blocked by Brock Boeser.
11:17 of 3rd period - Snap shot by Blake Wheeler.
11:17 of 3rd period - Shot Misses the Net.
11:19 of 3rd period - Slapshot by Alex Iafallo.
11:19 of 3rd period - Shot Misses the Net.
11:21 of 3rd period - Wrist shot by Blake Wheeler.
11:21 of 3rd period - Shot Misses the Net.
11:23 of 3rd period - Slapshot by Brandon Carlo.
11:23 of 3rd period - Stopped by Igor Shesterkin without a rebound.
11:24 of 3rd period - Mikael Backlund wins face-off versus Pierre-Luc Dubois in New York Rangers zone.
12:02 of 3rd period - Wrist shot by Mikael Granlund.
12:02 of 3rd period - Shot Misses the Net.
12:04 of 3rd period - Snap shot by Mikael Granlund.
12:04 of 3rd period - Shot Misses the Net.
13:32 of 3rd period - Slapshot by Artemi Panarin.
13:32 of 3rd period - Stopped by Juuse Saros with a rebound.
13:34 of 3rd period - Snap shot by Pierre-Luc Dubois.
13:34 of 3rd period - Deflect By Blake Wheeler.
13:34 of 3rd period - Shot Blocked by Alex Iafallo.
13:34 of 3rd period - Puck is out of play.
13:35 of 3rd period - Mathew Barzal wins face-off versus Mikael Backlund in Edmonton Oilers zone.
13:49 of 3rd period - Wrist shot by Mathew Barzal.
13:49 of 3rd period - Stopped by Juuse Saros with a rebound.
13:51 of 3rd period - Slapshot by Mathew Barzal.
13:51 of 3rd period - Stopped by Juuse Saros with a rebound.
15:05 of 3rd period - Cole Caufield is hit by David Perron and loses puck.
16:11 of 3rd period - Snap shot by David Kampf.
16:11 of 3rd period - Shot Blocked by Rasmus Ristolainen.
16:45 of 3rd period - Slapshot by Cam Fowler.
16:45 of 3rd period - Shot Misses the Net.
17:32 of 3rd period - Wrist shot by Eric Robinson.
17:32 of 3rd period - Shot Blocked by David Perron.
17:36 of 3rd period - Snap shot by Cam Fowler.
17:36 of 3rd period - Shot Blocked by Jacob Trouba.
17:38 of 3rd period - Slapshot by Cam Fowler.
17:38 of 3rd period - Deflect By David Kampf.
17:38 of 3rd period - Stopped by Juuse Saros without a rebound.
17:39 of 3rd period - Blake Wheeler wins face-off versus Mikael Granlund in Edmonton Oilers zone.
17:41 of 3rd period - Minor Penalty to Jacob Trouba for Hooking.
17:42 of 3rd period - Mikael Granlund wins face-off versus Brock Boeser in Edmonton Oilers zone.
19:06 of 3rd period - Wrist shot by Gabriel Landeskog.
19:06 of 3rd period - Goal by Gabriel Landeskog - New York Rangers : 3 - Edmonton Oilers : 2.
19:07 of 3rd period - David Kampf wins face-off versus Boone Jenner in neutral zone.
19:14 of 3rd period - Snap shot by Mikael Granlund.
19:14 of 3rd period - Stopped by Juuse Saros with a rebound.
19:16 of 3rd period - Snap shot by Adam Larsson.
19:16 of 3rd period - Goal by Adam Larsson - New York Rangers : 4 - Edmonton Oilers : 2.
19:17 of 3rd period - Mikael Granlund wins face-off versus Blake Wheeler in neutral zone.
19:22 of 3rd period - Snap shot by Mikael Granlund.
19:22 of 3rd period - Shot Blocked by Blake Wheeler.
19:24 of 3rd period - Slapshot by Matthew Benning.
19:24 of 3rd period - Shot Blocked by Evan Bouchard.
19:26 of 3rd period - Snap shot by Mikael Granlund.
19:26 of 3rd period - Shot Misses the Net.
19:28 of 3rd period - Slapshot by Matthew Benning.
19:28 of 3rd period - Shot Blocked by Blake Wheeler.
19:38 of 3rd period - Minor Penalty to Jeff Carter for Goalie Interference.
19:39 of 3rd period - Mikael Granlund wins face-off versus Adrian Kempe in Edmonton Oilers zone.
19:42 of 3rd period - Slapshot by Nathan MacKinnon.
19:42 of 3rd period - Deflect By Mathew Barzal.
19:42 of 3rd period - Stopped by Juuse Saros without a rebound.
19:43 of 3rd period - Adrian Kempe wins face-off versus Mikael Granlund in Edmonton Oilers zone.
19:51 of 3rd period - Icing by Mikael Granlund.
19:52 of 3rd period - Mikael Granlund wins face-off versus Brock Boeser in New York Rangers zone.
Goals for this period are 2 for New York Rangers vs 0 for Edmonton Oilers.
Shots for this period are 16 for New York Rangers vs 7 for Edmonton Oilers.
Back to the Top